 Dungeon Crawl Stone Soup version 0.24-a0-130-ga3c21ff (webtiles) character file.

Game seed: 4069584663428360886

256 Inarius the Chiller (level 5, 0/22 HPs)
             Began as a Felid Ice Elementalist on Feb 26, 2019.
             Slain by a jelly (3 damage)
             ... on level 6 of the Dungeon.
             The game lasted 00:14:12 (8622 turns).

Inarius the Chiller (Felid Ice Elementalist)        Turns: 8622, Time: 00:14:13

Health: 0/22       AC: -2    Str:  4    XL:     5   Next: 92%
Magic:  16/20      EV: 19    Int: 19    God:
Gold:   403        SH:  0    Dex: 16    Spells: 0/11 levels left
                                        Lives:  0   Deaths: 1

rFire    . . .     SeeInvis +     - Unarmed
rCold    . . .     Gourm    .   (shield unavailable)
rNeg     . . .     Faith    .   (armour unavailable)
rPois    .         Spirit   .   (helmet unavailable)
rElec    .         Reflect  .   (cloak unavailable)
rCorr    .         Harm     .   (gloves unavailable)
MR       .....                  (boots unavailable)
Stlth    ++........             (no amulet)
HPRegen  0.07/turn              n - ring of attention (curse)
MPRegen  0.17/turn              r - ring of magical power

@: corroded, quick
A: very small, no armour, no weapons or thrown items, stealth, claws 1, fangs 3,
see invisible, carnivore, speed 1, shaggy fur 2, slow metabolism 1, sharp paws
a: no special abilities


You were on level 6 of the Dungeon.
You were completely stuffed.

You visited 1 branch of the dungeon, and saw 6 of its levels.

You collected 403 gold pieces.

Inventory:

Jewellery
 n - a cursed ring of attention (left paw)
 r - a ring of magical power (right paw)
Wands
 f - a wand of random effects (15)
Scrolls
 d - a scroll of vulnerability
 e - a scroll of immolation
 g - a scroll of teleportation
 i - a scroll of magic mapping
 s - a scroll of brand weapon {unknown}
 t - a scroll of blinking {unknown}
Potions
 a - a potion of degeneration {unknown}
 c - a potion of magic {unknown}
 h - a potion of brilliance {unknown}
 k - a potion of lignification {unknown}
 l - 2 potions of resistance
 m - a potion of curing
 o - a potion of heal wounds {unknown}
 p - a potion of might {unknown}
 q - a potion of berserk rage {unknown}
Comestibles
 b - 11 rations
 j - 3 chunks of flesh


   Skills:
 * Level 1.4 Fighting
 + Level 4.1 Dodging
 + Level 3.2 Stealth
 + Level 1.0 Unarmed Combat
 + Level 3.7 Spellcasting
 * Level 2.3 Conjurations
 * Level 4.7 Ice Magic


You couldn't memorise any spells.
You knew the following spells:

 Your Spells              Type           Power        Failure   Level  Hunger
a - Freeze                Ice            ###.         1%          1    None
b - Throw Frost           Conj/Ice       ###...       4%          2    ##.....
c - Throw Icicle          Conj/Ice       ###.....     32%         4    ####...
d - Summon Ice Beast      Ice/Summ       ##......     47%         4    ####...

Your spell library contained the following spells:

 Spells                   Type           Power        Failure   Level  Hunger
 Ozocubu's Armour         Chrm/Ice       ##......     16%         3    ###....


Dungeon Overview and Level Annotations

Branches:
Dungeon (6/15)
 Temple: D:4-7

Altars:
Elyvilon


Innate Abilities, Weirdness & Mutations

You cannot wear armour.
You are incapable of wielding weapons or throwing items.
Your paws allow you to move quietly. (Stealth)
You have sharp claws.
You have razor-sharp teeth.
You have supernaturally acute eyesight. (SInv)
You are carnivorous and can eat meat at any time.
You cover ground quickly.
You are covered in thick fur. (AC +2)
You have a slow metabolism.
Your sharp claws are effective at attacking unaware monsters.


Message History

You freeze the water moccasin.
The water moccasin is severely wounded.
* * * LOW HITPOINT WARNING * * *
You feel sick. The jelly completely misses you. The water moccasin misses you.
* * * LOW HITPOINT WARNING * * *
You feel sick.
Okay, then.
It was a potion of curing.
You feel better. The jelly hits you. The acid corrodes you!
You are splashed with acid!
* * * LOW HITPOINT WARNING * * *
Casting: Freeze (safe; 1% risk of failure)
Confirm with . or Enter, or press ? or * to list all spells.
Aiming: Freeze (safe; 1% risk of failure)
Press: ? - help, Shift-Dir - straight line, f - jelly, p - water moccasin
Aim: a jelly You freeze the jelly.
The jelly is moderately wounded.
The water moccasin is no longer moving slowly.
The jelly hits you.
You die...

######## ########....... .#
.......J..########.#
######.#@........#.#
#.#..#....#.#.#
#.#..#..###.#.#
#.#..#....#.#.# #.
#.#..#.####.#.# #...
#.#..#........# #....
##?#..#...<#.#.# #....
.....######.####
#...#########.#............#


You could see a jelly.

Vanquished Creatures
  A howler monkey (D:5)
  2 bullfrog zombies (D:5)
  2 orc wizards (D:4)
  A worker ant (D:5)
  2 iguanas (D:5)
  3 gnolls (D:4)
  5 adders
  3 shadow imps
  7 worms
  2 dart slugs
  4 leopard geckos
  13 orcs
  2 ball pythons
  8 giant cockroaches
  7 hobgoblins
  8 jackals
  A quokka (D:4)
  8 bats
  3 frilled lizards
  6 goblins
  7 kobolds
  5 rats
100 creatures vanquished.

Vanquished Creatures (others)
  3 toadstools (D:3)
3 creatures vanquished.

Grand Total: 103 creatures vanquished

Notes
Turn   | Place    | Note
-------+----------+-------------------------------------------
     0 | D:1      | Inarius the Felid Ice Elementalist began the quest for the
                  | Orb.
     0 | D:1      | Reached XP level 1. HP: 7/7 MP: 4/4
   124 | D:1      | Reached XP level 2. HP: 11/11 MP: 1/6
   639 | D:1      | Learned a level 2 spell: Throw Frost
  1189 | D:2      | Reached XP level 3. HP: 14/14 MP: 1/7
  2172 | D:2      | Reached skill level 1 in Conjurations
  2454 | D:3      | Reached XP level 4. HP: 18/18 MP: 0/9
  2534 | D:3      | Learned a level 4 spell: Throw Icicle
  4346 | D:4      | Reached XP level 5. HP: 21/21 MP: 1/10
  5133 | D:5      | Entered Level 5 of the Dungeon
  5432 | D:5      | Reached skill level 1 in Fighting
  5902 | D:5      | Gained mutation: You are covered in thick fur. (AC +2)
                  | [Felid growth]
  5902 | D:5      | Reached XP level 6. HP: 25/25 MP: 4/12
  6652 | D:4      | Learned a level 4 spell: Summon Ice Beast
  7819 | D:5      | Reached skill level 1 in Unarmed Combat
  7866 | D:5      | Slain by a shadow imp
  7867 | D:5      | Reached XP level 5. HP: -3/22 MP: 6/11
  8011 | D:5      | Found a white marble altar of Elyvilon.
  8613 | D:6      | Noticed a water moccasin
  8622 | D:6      | Slain by a jelly

Levels and vault maps discovered:
D:1:      sevenhm_arrival_forest_fort_large_4, layout_rooms, minmay_fountain_box
D:2:      layout_basic, minmay_tromino_v4_b
D:3:      layout_basic, first_ration, minmay_gold_behind_fungi, dk_vineyard_3
D:4:      layout_cave_pools
D:5:      layout_loops_ring, cheibrodos_sewer_entry_bend, elyvilon_altar_3
D:6:      layout_basic, nicolae_overflow_crystal_walls, grunt_ministairs_14,
          grunt_potential

Skill      XL: |  1  2  3  4  5  6 |
---------------+-------------------+-----
Ice Magic      | 3 4 |  4.7
Stealth        | 3 |  3.2
Dodging        | 3 4 |  4.1
Conjurations   | 1 2 |  2.3
Spellcasting   | 3 |  3.7
Fighting       | 1 |  1.4
Unarmed Combat | 1 |  1.0

Action                   |  1- 3 |  4- 6 || total
-------------------------+-------+-------++-------
Melee: Unarmed           |    44 |    88 ||   132
       Bite              |     4 |     8 ||    12
 Cast: Freeze            |    38 |   150 ||   188
       Throw Frost       |    22 |    62 ||    84
       Summon Ice Beast  |       |     1 ||     1
  Use: Scroll            |       |    10 ||    10
       Potion            |       |     1 ||     1
 Stab: Sleeping          |     4 |     6 ||    10
  Eat: Chunk             |    12 |    20 ||    32
Armor: Skin              |     7 |    12 ||    19
Dodge: Dodged            |    80 |   196 ||   276

Table legend:
 A = Non-vault XP
 B = Vault XP
 C = Vault XP percentage of total XP
 D = Non-vault monster count
 E = Vault monster count
 F = Vault count percentage of total count
                 A         B        C        D         E       F
            +---------+---------+-------+---------+---------+-------
      Total |     642 |      17 |   2.6 |      96 |       4 |   4.0
            +---------+---------+-------+---------+---------+-------
        D:1 |      36 |       0 |   0.0 |      22 |       0 |   0.0
        D:2 |      45 |       7 |  13.5 |      13 |       2 |  13.3
        D:3 |      70 |       0 |   0.0 |      25 |       0 |   0.0
        D:4 |     144 |       0 |   0.0 |      15 |       0 |   0.0
        D:5 |     305 |      10 |   3.2 |      14 |       2 |  12.5
        D:6 |      42 |       0 |   0.0 |       7 |       0 |   0.0
            +---------+---------+-------+---------+---------+-------
